 Dungeon Crawl Stone Soup version 0.28.0-47-ge53b351184 (webtiles) character file.

Game seed: 6504904412847167668

55 Zeld the Skirmisher (level 3, 0/33 HPs)
             Began as a Draconian Monk on Apr 29, 2022.
             Succumbed to an adder's poison
             ... on level 2 of the Dungeon.
             The game lasted 00:01:19 (1198 turns).

Zeld the Skirmisher (Draconian Monk)                Turns: 1198, Time: 00:01:20

Health: 0/33       AC:  5    Str: 15    XL:     3   Next: 67%
Magic:  3/3        EV: 12    Int: 10    God:
Gold:   46         SH:  0    Dex: 13    Spells: 2/2 levels left

rFire   . . .      SeeInvis .   a - +1 hand axe (freeze)
rCold   . . .      Faith    .   (no shield)
rNeg    . . .      Spirit   .   (armour unavailable)
rPois   .          Reflect  .   (helmet restricted)
rElec   .          Harm     .   (no cloak)
rCorr   .          Rampage  .   (no gloves)
Will    .....                   (no boots)
Stlth   ++........              (no amulet)
HPRegen 0.11/turn               (no ring)
MPRegen 0.08/turn               (no ring)

@: lethally poisoned (0 -> -2)
A: AC +5, unfitting armour, cold-blooded
a: no special abilities


You were on level 2 of the Dungeon.
You visited 1 branch of the dungeon, and saw 2 of its levels.

You collected 46 gold pieces.

Inventory:

Hand Weapons
 a - a +1 hand axe of freezing (weapon)
Scrolls
 b - 2 scrolls of fog {unknown}
 c - 2 scrolls of teleportation {unknown}
 d - a scroll of blinking {unknown}
 e - 2 scrolls of silence {unknown}


   Skills:
 * Level 4.0 Fighting
 * Level 3.6 Axes
 + Level 3.0 Dodging
 + Level 2.2 Stealth


You had 2 spell levels left.
You didn't know any spells.
Your spell library was empty.

Dungeon Overview and Level Annotations

Branches:
Dungeon (2/15)

Altars:

Shops:
D:1 (


Innate Abilities, Weirdness & Mutations

Your plain brown scales are hard. (AC +5)
You cannot fit into any form of body armour.
You are cold-blooded and may be slowed by cold attacks.


Message History

You feel sick.
Unknown command.
You closely miss the adder.
Your tail-slap misses the adder.
The adder is heavily wounded.
You hit the adder.
The adder seems to slow down.
You freeze the adder.
You feel sick. The adder closely misses you. The adder barely misses you.
Unknown command.
You closely miss the adder. You tail-slap the adder.
The adder is severely wounded.
You hit the adder but do no damage.
You feel sick. The adder barely misses you. The adder completely misses you.
The adder bites you but does no damage.
Unknown command.
You closely miss the adder.
The adder is severely wounded.
You miss the adder.
You feel sick. The adder bites you but does no damage.
The adder barely misses you.
Unknown command.
You barely miss the adder.
The adder is severely wounded.
You hit the adder.
The adder seems to slow down.
You freeze the adder.
You kill the adder!
You feel sick. The adder bites you.
* * * LOW HITPOINT WARNING * * *
You are lethally poisoned!
The adder poisons you! The adder bites you but does no damage.
Your Fighting skill increases to level 4!
You aren't carrying any potions.
* * * LOW HITPOINT WARNING * * *
You feel sick.
Things that are here:
a +0 club; 11 gold pieces
* * * LOW HITPOINT WARNING * * *
You feel sick. The adder bites you but does no damage.
* * * LOW HITPOINT WARNING * * *
You feel sick.
* * * LOW HITPOINT WARNING * * *
You feel sick.
* * * LOW HITPOINT WARNING * * *
You feel sick.
You die...

.............<....+
..
.##....)#####..###...
#.#.†........###... #
##...............
+...............
#...............
#............##
#............#
#.......@....###
######+#........
.......S.......
#####.#.#######
#.#g#!..#
#####+#g#...#
#......g#...##..
#.......).......
#.......#.....!.


You could see 2 gnolls, an adder and a hobgoblin.

Vanquished Creatures
  Terence (D:2)
  An adder (D:2)
  3 giant cockroaches (D:1)
  4 hobgoblins
  A ball python (D:2)
  4 bats
  3 goblins
  2 kobolds (D:1)
  A rat (D:1)
20 creatures vanquished.

Notes
Turn   | Place    | Note
-------+----------+-------------------------------------------
     0 | D:1      | Zeld the Draconian Monk began the quest for the Orb.
     0 | D:1      | Reached XP level 1. HP: 19/19 MP: 1/1
   424 | D:1      | Found Guluvop's Weapon Emporium.
   729 | D:1      | Reached XP level 2. HP: 25/26 MP: 2/2
  1021 | D:1      | Found a faded altar of an unknown god.
  1172 | D:2      | Noticed Terence
  1185 | D:2      | Killed Terence
  1186 | D:2      | Reached XP level 3. HP: 19/33 MP: 3/3
  1193 | D:2      | Reached skill level 4 in Fighting
  1197 | D:2      | HP: 1/33 [poisoned by an adder]
  1198 | D:2      | Succumbed to an adder's poison

Illustrated notes

Levels and vault maps discovered:
D:1:      shiori_arrival_oz, layout_loops_corners,
          shapermc_ecumenical_altar_hornbeckon, serial_shops,
          nicolae_shop_bloodbath_and_beyond
D:2:      layout_basic, serial_bayou_crossing, uniq_robin, uniq_terence

Skill      XL: |  1  2  3 |
---------------+----------+-----
Stealth        | 2 |  2.2
Dodging        | 3 |  3.0
Fighting       | 4 |  4.0
Axes           | |  3.6

Action                   || total
-------------------------++-------
Melee: Hand axe          ||    65
       Tailslap          ||     9
 Stab: Sleeping          ||     1
Armor: Skin              ||    25
Dodge: Dodged            ||    51
